 Dungeon Crawl Stone Soup version 0.27.1-33-g824d729ab1 (webtiles) character file.

Game seed: 17567756992779480075

1477 pkoi the Grappler (level 8, -6/63 HPs)
             Began as a Purple Draconian Monk on Dec 28, 2021.
             Was an Elder of Yredelemnul.
             Killed from afar by Harold (8 damage)
             ... with a harpoon shot
             ... on level 7 of the Dungeon.
             The game lasted 00:09:18 (7069 turns).

pkoi the Grappler (Purple Draconian Monk)           Turns: 7069, Time: 00:09:19

Health: -6/63      AC: 14    Str: 14    XL:     8   Next: 49%
Magic:  13/13      EV:  6    Int: 13    God:    Yredelemnul [****..]
Gold:   1170       SH:  0    Dex: 13    Spells: 7/7 levels left

rFire    . . .     SeeInvis .     - Unarmed
rCold    . . .     Faith    .   (no shield)
rNeg     . . .     Spirit   .   (armour unavailable)
rPois    .         Reflect  .   (helmet restricted)
rElec    .         Harm     .   o - +1 cloak
rCorr    .         Rampage  .   u - +1 pair of gloves
Will     +....                  (no boots)
Stlth    ++........             (no amulet)
HPRegen  0.20/turn              d - +4 ring of protection
MPRegen  0.13/turn              (no ring)

@: held
A: breathe power, AC +6, unfitting armour, cold-blooded
a: Breathe Dispelling Energy, Renounce Religion, Recall Undead Slaves, Injury
Mirror, Animate Dead, Drain Life


You were on level 7 of the Dungeon.
You worshipped Yredelemnul.
Yredelemnul was greatly pleased with you.
You visited 2 branches of the dungeon, and saw 8 of its levels.
You also visited: Ossuary.

You collected 1170 gold pieces.

Inventory:

Hand Weapons
 c - a +0 vorpal dagger
 k - a +1 dagger of freezing
Missiles
 e - 16 javelins
 f - 10 boomerangs
 y - 13 poisoned darts
Armour
 o - a +1 cloak (worn)
 u - a +1 pair of gloves (worn)
Jewellery
 d - a +4 ring of protection (left hand)
 n - a ring of flight
Wands
 g - a wand of flame (16) (quivered)
 w - a wand of acid (5)
Scrolls
 a - a scroll of summoning
 b - 4 scrolls of identify
 q - 7 scrolls of teleportation
 r - a scroll of enchant armour
 s - a scroll of blinking
 t - a scroll of magic mapping
 v - a scroll of vulnerability {unknown}
Potions
 h - 3 potions of resistance {unknown}
 i - a potion of might
 j - 3 potions of flight {unknown}
 l - 2 potions of heal wounds {unknown}
 m - 2 potions of lignification
 p - a potion of curing
 x - a potion of degeneration {unknown}


   Skills:
 - Level 3.2 Fighting
 - Level 2.6 Dodging
 - Level 1.7 Stealth
 + Level 8.6 Unarmed Combat
 + Level 7.4 Invocations


You had 7 spell levels left.
You didn't know any spells.
Your spell library contained the following spells:

 Spells                   Type           Power      Damage    Failure   Level
 Slow                     Hex            0%         N/A       43%         2
 Confusing Touch          Hex            0%         N/A       67%         3
 Ozocubu's Armour         Ice            0%         N/A       67%         3
 Vampiric Draining        Necr           0%         2d6       67%         3
 Ozocubu's Refrigeration  Ice            0%         4d5       100%        7


Dungeon Overview and Level Annotations

Branches:
Dungeon (7/15)             Temple (1/1) D:5         Ossuary (visited)

Altars:
Ashenzari
Cheibriados
Dithmenos
Elyvilon
Gozag
Hepliaklqana
Kikubaaqudgha
Makhleb
Okawaru
Ru
Sif Muna
Trog
Uskayaw
Wu Jian
Xom
Yredelemnul
Zin
The Shining One

Annotations:
D:7 2 runed translucent doors, Harold


Innate Abilities, Weirdness & Mutations

You can breathe bolts of dispelling energy.
Your rich purple scales are hard. (AC +6)
You cannot fit into any form of body armour.
You are cold-blooded and may be slowed by cold attacks.


Message History

The gargoyle hits you with a +0 flail!
* * * LOW HITPOINT WARNING * * *
Your flying skull hits the gargoyle but does no damage.
You are too injured to fight recklessly!
You are too injured to fight recklessly!
You are too injured to fight recklessly!
Unknown command.
You barely miss the gargoyle.
Your flying skull hits the gargoyle but does no damage.
Your flying skull barely misses the gargoyle.
The gargoyle hurls a stone arrow at you.
The stone arrow hits you!!
* * * LOW HITPOINT WARNING * * *
Your flying skull hits the gargoyle but does no damage.
You hit the gargoyle.
The gargoyle is lightly damaged.
Your flying skull hits the gargoyle but does no damage.
Your orc wizard zombie hits the gargoyle but does no damage.
Your flying skull hits the gargoyle but does no damage.
The gargoyle hits you with a +0 flail!
* * * LOW HITPOINT WARNING * * *
Unknown command.
Your flying skull hits the gargoyle but does no damage.
Your flying skull barely misses the gargoyle.
Your orc wizard zombie hits the gargoyle with a +0 dagger.
Your flying skull hits the gargoyle.
Harold hits your orc zombie with a +0 trident of protection.
Harold hits your orc zombie with a +0 trident of protection!
Your orc zombie is destroyed!
You swap places.
Harold throws a throwing net.
The throwing net hits you.
You become entangled in the net!
The gargoyle hits your orc wizard zombie with a +0 flail!!
Your orc wizard zombie is destroyed!
You see here a throwing net.
Unknown command.
Your flying skull hits the gargoyle.
Harold fires a harpoon shot at you. The harpoon shot hits you!
You die...
Your body rises from the dead as a mindless zombie.

# ..# #. #.#
#.## #.#
...###.#
#.....# #z.Z.#
#9#z.#########
#[)@Z........#
####).##.###.#
##@##.# #.#
#.##.###.#
#.##..##.#
..##..##Z#
.###..##.# @
#..##(#
..###.##


You could see Harold, a gargoyle (ally target), 2 friendly flying skulls, a
friendly gnoll shaman zombie and a friendly orc wizard zombie.

Vanquished Creatures
  A black bear (D:7)
  A hornet zombie (D:7)
  A phantom (D:5)
  An elf zombie (Ossuary)
  A bullfrog (D:7)
  A scorpion (D:5)
  A wyvern zombie (D:6)
  2 howler monkeys (D:7)
  A centaur zombie (D:6)
  2 hounds
  3 bullfrog skeletons
  A centaur skeleton (D:6)
  An orc wizard (D:7)
  An iguana (D:4)
  4 mummies
  4 gnolls
  5 adders
  A shadow imp (D:6)
  2 white imps
  4 adder zombies (Ossuary)
  An adder skeleton (D:4)
  5 dart slugs
  7 orcs
  4 endoplasms
  6 giant cockroaches
  5 goblins
  4 hobgoblins
  4 jackals
  5 kobolds
  2 quokkas
  4 ball pythons
  A bat (D:3)
  3 frilled lizards (D:1)
  A gnoll zombie (Ossuary)
  3 goblin zombies (Ossuary)
  2 hobgoblin zombies (Ossuary)
  A quokka zombie (Ossuary)
  6 rats
  4 rat zombies (Ossuary)
106 creatures vanquished.

Vanquished Creatures (collateral kills)
  An ice beast (D:4)
  A sky beast (D:5)
  2 ogres
  A scorpion (D:4)
  A bullfrog zombie (D:6)
  A jelly (D:4)
  Crazy Yiuf (D:5)
  A gnoll shaman (D:7)
  An orc wizard (D:7)
  3 gnolls
  An adder (D:6)
  An adder zombie (Ossuary)
  An adder skeleton (D:4)
  2 orcs
  2 ball pythons (D:4)
  A bat (D:1)
  An endoplasm (D:1)
  2 goblins
  A hobgoblin (D:4)
  A quokka zombie (Ossuary)
26 creatures vanquished.

Vanquished Creatures (others)
  A ball python zombie (D:4)
  2 orc zombies (D:7)
  A plant (D:5)
4 creatures vanquished.

Grand Total: 136 creatures vanquished

Notes
Turn   | Place    | Note
-------+----------+-------------------------------------------
     0 | D:1      | pkoi the Draconian Monk began the quest for the Orb.
     0 | D:1      | Reached XP level 1. HP: 19/19 MP: 1/1
    21 | D:1      | Found a faded altar of an unknown god.
    44 | D:1      | Became a worshipper of Yredelemnul the Dark
    44 | D:1      | Reached * piety under Yredelemnul
    44 | D:1      | Reached ** piety under Yredelemnul
   233 | D:1      | Reached XP level 2. HP: 26/26 MP: 2/2
   274 | D:1      | Reached *** piety under Yredelemnul
   419 | D:1      | Reached skill level 4 in Unarmed Combat
  1072 | D:2      | Reached XP level 3. HP: 31/31 MP: 3/3
  1821 | D:3      | Reached XP level 4. HP: 33/38 MP: 1/4
  1969 | D:3      | Reached skill level 5 in Unarmed Combat
  2664 | D:4      | Noticed an ogre
  2718 | D:4      | Noticed an ice beast
  2723 | D:4      | Reached skill level 1 in Invocations
  2735 | D:4      | Killed an ice beast
  2736 | D:4      | Reached XP level 5. HP: 44/45 MP: 1/6
  2767 | D:4      | Found a sand-covered staircase.
  2778 | Ossuary  | Entered an ossuary
  2799 | Ossuary  | Reached **** piety under Yredelemnul
  3275 | Ossuary  | Reached skill level 6 in Unarmed Combat
  3275 | Ossuary  | Reached XP level 6. HP: 46/51 MP: 8/8
  3415 | Ossuary  | Received a gift from Yredelemnul (a wight)
  4222 | D:4      | Identified a scroll of acquirement
  4222 | D:4      | Acquired 783 gold pieces
  4868 | D:5      | Entered Level 5 of the Dungeon
  5244 | D:5      | Your scales start taking on a rich purple colour.
  5244 | D:5      | Reached XP level 7. HP: 42/57 MP: 10/10
  5465 | D:5      | Reached skill level 7 in Unarmed Combat
  5465 | D:5      | Reached skill level 5 in Invocations
  5493 | D:5      | Received a gift from Yredelemnul (2 flying skulls)
  5765 | D:5      | Found a runed translucent door.
  5766 | D:5      | Noticed Crazy Yiuf
  5773 | D:5      | Killed Crazy Yiuf
  5864 | D:5      | Found a staircase to the Ecumenical Temple.
  5952 | Temple   | Entered the Ecumenical Temple
  6454 | D:6      | Reached XP level 8. HP: 39/63 MP: 12/12
  6731 | D:6      | Reached skill level 8 in Unarmed Combat
  6869 | D:7      | Noticed a polar bear
  6869 | D:7      | Found a huge runed translucent gate.
  6869 | D:7      | Found a huge runed translucent gate.
  6870 | D:7      | Noticed a polar bear
  6870 | D:7      | Noticed a polar bear
  7057 | D:7      | Noticed a gargoyle
  7060 | D:7      | Noticed Harold
  7065 | D:7      | HP: 1/63 [gargoyle (10)]
  7069 | D:7      | Killed from afar by Harold

Illustrated notes

Levels and vault maps discovered:
D:1:      wander_arrival_desolate, layout_basic,
          shapermc_ecumenical_altar_starsandcircs
D:2:      layout_loops_ring, minmay_between
D:3:      layout_loops_ring
D:4:      layout_cave_pools, gup_ossuary_entry_pyramid
D:5:      layout_loops_ring, minmay_temple_entry_enclosed_plants,
          dk_noncrumbling_3, patterned_corridor, uniq_crazy_yiuf_cottage
D:6:      layout_basic
D:7:      lemuel_bear_cage, layout_loops_ring, minmay_bent, uniq_harold
Temple:   nicolae_temple_no_exploring_needed

Skill      XL: |  1  2  3  4  5  6  7  8 |
---------------+-------------------------+-----
Unarmed Combat | 4 5 6 7 8 |  8.6
Invocations    | 2 3 4 6 7 |  7.4
Fighting       | |  3.2
Dodging        | |  2.6
Stealth        | |  1.7

Action                   |  1- 3 |  4- 6 |  7- 9 || total
-------------------------+-------+-------+-------++-------
Melee: Unarmed           |    87 |   245 |   147 ||   479
       Tailslap          |     7 |    32 |    16 ||    55
       Punch             |       |     8 |     5 ||    13
Invok: Animate Dead      |     7 |    13 |     8 ||    28
       Animate Remains   |     1 |       |       ||     1
       Injury Mirror     |       |     1 |       ||     1
  Use: Scroll            |       |    12 |     1 ||    13
 Stab: Sleeping          |     6 |     2 |     1 ||     9
       Distracted        |       |       |     2 ||     2
Armor: Skin              |    25 |   101 |    63 ||   189
Dodge: Dodged            |    52 |   136 |    84 ||   272
